 Dungeon Crawl Stone Soup version 0.27-a0-1119-gbf574a6a6b (webtiles) character file.

Game seed: 9897062621840166125

324 Zeld the Chucker (level 6, -7/38 HPs)
             Began as an Octopode Conjurer on May 2, 2021.
             Mangled by a wyvern skeleton (10 damage)
             ... on level 4 of the Dungeon.
             The game lasted 00:05:41 (5265 turns).

Zeld the Chucker (Octopode Conjurer)                Turns: 5265, Time: 00:05:42

Health: -7/38      AC:  1    Str:  7    XL:     6   Next: 48%
Magic:  1/9        EV: 13    Int: 22    God:
Gold:   85         SH:  0    Dex: 10    Spells: 6/9 levels left

rFire    . . .     SeeInvis .   (no weapon)
rCold    . . .     Faith    .   (no shield)
rNeg     . . .     Spirit   .   (helmet restricted)
rPois    +         Reflect  .   (no amulet)
rElec    .         Harm     .   f - ring of poison resistance
rCorr    .         Rampage  .   (no ring)
Will     .....                  (no ring)
Stlth    +++.......             (no ring)
HPRegen  0.12/turn              (no ring)
MPRegen  0.11/turn              (no ring)
                                (no ring)
                                (no ring)

@: no status effects
A: almost no armour, amphibious, 8 rings, camouflage 1, gelatinous body 1,
(nimble swimmer 1), tentacles
a: no special abilities


You were on level 4 of the Dungeon.
You visited 2 branches of the dungeon, and saw 5 of its levels.

You collected 109 gold pieces.
You spent 24 gold pieces at shops.

Inventory:

Missiles
 e - 30 poisoned darts (quivered)
Jewellery
 f - a ring of poison resistance (left tentacle)
Scrolls
 a - a scroll of fog {unknown}
 b - 5 scrolls of identify {unknown}
 d - a scroll of enchant armour {unknown}
 g - a scroll of amnesia {unknown}
 j - a scroll of silence {unknown}
 k - a scroll of noise {unknown}
 n - a scroll of fear {unknown}
Potions
 c - a potion of cancellation {unknown}
 h - a potion of curing {unknown}
 i - a potion of degeneration {unknown}
 l - a potion of mutation {unknown}
 m - a potion of magic {unknown}


   Skills:
 - Level 1.1 Fighting
 * Level 5.3 Throwing
 - Level 2.4 Dodging
 - Level 2.6 Stealth
 - Level 2.3 Spellcasting
 - Level 4.4 Conjurations


You had 6 spell levels left.
You knew the following spells:

 Your Spells              Type           Power      Damage    Failure   Level
a - Magic Dart            Conj           88%        1d7       2%          1
b - Searing Ray           Conj           44%        3d4       3%          2

Your spell library contained the following spells:

 Spells                   Type           Power      Damage    Failure   Level
 Corona                   Hex            2%         N/A       14%         1
 Sandblast                Erth           4%         2d4       14%         1
 Dazzling Flash           Conj/Hex       24%        N/A       16%         3
 Stone Arrow              Conj/Erth      24%        3d8       16%         3
 Ensorcelled Hibernation  Hex/Ice        4%         N/A       21%         2
 Passwall                 Tmut/Erth      1%         N/A       21%         2
 Confusing Touch          Hex            2%         N/A       38%         3
 Tukima's Dance           Hex            2%         N/A       38%         3
 Fulminant Prism          Conj/Hex       6%         3d7       47%         4
 Iskenderun's Mystic Bla  Conj/Tloc      12%        2d5       47%         4
 Petrify                  Tmut/Erth      2%         N/A       80%         4
 Lee's Rapid Deconstruct  Erth           1%         3d5*      98%         5


Dungeon Overview and Level Annotations

Branches:
Dungeon (4/15)             Temple (1/1) D:4

Altars:
Ashenzari
Cheibriados
Elyvilon
Fedhas
Kikubaaqudgha
Makhleb
Nemelex Xobeh
Okawaru
Qazlal
Ru
Trog
Uskayaw
Vehumet
Xom
Zin
The Shining One

Shops:
D:2 **[*(

Annotations:
D:4 1 runed translucent door, 1 transporter, Crazy Yiuf


Innate Abilities, Weirdness & Mutations

You cannot wear most types of armour.
You are amphibious.
You can wear up to eight rings at the same time.
Your skin changes colour to match your surroundings (Stealth+).
Your rubbery body absorbs attacks. (AC +1, EV +1)
((You are camouflaged near water. (Stealth+)))
You have tentacles for arms and can constrict up to eight enemies at once.


Message History

(Press . to maintain the ray.)
The hound skeleton bites you.
The searing ray hits the hound skeleton!
The hound skeleton is almost destroyed.
The hound skeleton closely misses you. The hound skeleton barely misses you.
The searing ray hits the hound skeleton!
You destroy the hound skeleton!
You finish channeling your searing ray.
The wyvern skeleton misses you. x2
Casting: Searing Ray (safe; 3% risk of failure)
Confirm with . or Enter, or press ? or * to list all spells.
Aiming: Searing Ray (safe; 3% risk of failure)
Press: ? - help, Shift-Dir - straight line, f - wyvern skeleton
Aim: a wyvern skeleton (98% to hit)
The searing ray hits the wyvern skeleton!
The wyvern skeleton is moderately damaged. (Press . to maintain the ray.)
The wyvern skeleton bites you!
The searing ray hits the wyvern skeleton!
The wyvern skeleton is heavily damaged.
The wyvern skeleton bites you!
The searing ray hits the wyvern skeleton.
The wyvern skeleton is severely damaged.
The wyvern skeleton barely misses you.
The wyvern skeleton bites you but does no damage.
Without enough magic to sustain it, your searing ray dissipates.
The wyvern skeleton misses you. The wyvern skeleton closely misses you.
Casting: Searing Ray (safe; 3% risk of failure)
Confirm with . or Enter, or press ? or * to list all spells.
You don't know that spell.
You tentacle-slap the wyvern skeleton.
Your squeeze misses the wyvern skeleton.
The wyvern skeleton is severely damaged.
The wyvern skeleton misses you.
You tentacle-slap the wyvern skeleton but do no damage.
The wyvern skeleton is severely damaged.
The wyvern skeleton bites you!
* * * LOW HITPOINT WARNING * * *
The wyvern skeleton bites you!
You die...

......©.......###......
..#########......##.....
..#8P$©$P8#.<......##...
..#≈..)..≈#..##.##...##.
#.####+####.###.........
..#5≈...≈o#.......##....
..#o≈...≈5#.#........#..
..#.≈P≈≈≈.#.#.#..##....(
..#.≈≈⌠≈≈.#.#.#.@.....#
..#.≈≈≈≈≈ #.#.Z...#.#
#.#.≈...≈ #.#.....#...
#.#.≈...≈ #.##........
.. ......... ..
.....#..# ####.##.# .#
.#


You could see a wyvern skeleton.

Vanquished Creatures
  An ogre (D:4)
  A hound (D:4)
  2 orc priests (D:3)
  A hound skeleton (D:4)
  7 adders
  A worm (D:4)
  5 orcs (D:3)
  13 ball pythons
  5 endoplasms
  4 giant cockroaches
  4 goblins
  3 hobgoblins
  3 jackals (D:1)
  6 kobolds
  3 quokkas
  3 bats
  5 frilled lizards
  3 rats
70 creatures vanquished.

Notes
Turn   | Place    | Note
-------+----------+-------------------------------------------
     0 | D:1      | Zeld the Octopode Conjurer began the quest for the Orb.
     0 | D:1      | Reached XP level 1. HP: 11/11 MP: 3/3
   293 | D:1      | Reached XP level 2. HP: 18/18 MP: 1/5
   586 | D:1      | Learned a level 2 spell: Searing Ray
  1016 | D:2      | Found Reidd's Antique Armour Shoppe.
  1086 | D:2      | Reached skill level 1 in Fighting
  1086 | D:2      | Reached XP level 3. HP: 18/23 MP: 0/6
  1379 | D:2      | Found Deakiff's Assorted Antiques.
  1500 | D:2      | Bought a scroll labelled IMEITA QARIUTE for 24 gold pieces
  1504 | D:2      | Found a faded altar of an unknown god.
  1506 | D:2      | Found Ituo's Weapon Shop.
  1746 | D:2      | Found Giotyaph's Assorted Antiques.
  1747 | D:2      | Found Kemeq's General Store.
  2608 | D:3      | Reached skill level 2 in Throwing
  2608 | D:3      | Reached XP level 4. HP: 28/28 MP: 3/7
  2890 | D:3      | Reached skill level 3 in Throwing
  3049 | D:3      | Reached XP level 5. HP: 31/33 MP: 1/8
  3602 | D:3      | Found a blossoming altar of Fedhas.
  3731 | D:3      | Found a radiant altar of Vehumet.
  4232 | D:4      | Reached skill level 4 in Throwing
  4344 | D:4      | Found a staircase to the Ecumenical Temple.
  4354 | Temple   | Entered the Ecumenical Temple
  4970 | D:4      | Found a runed translucent door.
  4971 | D:4      | Noticed Crazy Yiuf
  5032 | D:4      | Reached XP level 6. HP: 38/38 MP: 3/9
  5094 | D:4      | Reached skill level 5 in Throwing
  5177 | D:4      | Found a transporter.
  5265 | D:4      | Mangled by a wyvern skeleton

Illustrated notes

Levels and vault maps discovered:
D:1:      minmay_arrival_arboretum_small, layout_rooms, minmay_misc_feat_tower
D:2:      layout_basic, serial_shops, shop, shop, shop, shop, shop,
          shapermc_ecumenical_altar_venn
D:3:      layout_basic, marbit_many_paths, old_standard_altar,
          minmay_snake_closets
D:4:      gammafunk_wand_slinger, layout_loops_ring, kennysheep_mini_moat,
          minmay_temple_entry_sparse_star, hangedman_decor_opposing,
          hangedman_decor_peaks_small, uniq_crazy_yiuf_cottage
Temple:   dpeg_chambers_temple

Skill      XL: |  1  2  3  4  5  6 |
---------------+-------------------+-----
Fighting       | 1 |  1.1
Throwing       | 2 3 4 5 |  5.3
Dodging        | |  2.4
Stealth        | |  2.6
Spellcasting   | |  2.3
Conjurations   | |  4.4

Action                   |  1- 3 |  4- 6 || total
-------------------------+-------+-------++-------
Melee: Unarmed           |    29 |    15 ||    44
       Constrict         |     4 |     3 ||     7
       Tentacles         |     2 |     4 ||     6
 Cast: Magic Dart        |    43 |    10 ||    53
       Searing Ray       |     9 |    36 ||    45
Armor: Skin              |     8 |     6 ||    14
Dodge: Dodged            |    18 |    36 ||    54

Table legend: (Time is in decaauts)
 A = Elapsed time spent in this place.
 B = Non-inter-level travel time spent in this place.
 C = Inter-level travel time spent in this place.
 D = Time resting spent in this place.
 E = Time spent auto-exploring this place.
 F = Levels seen in this place.
 G = Mean time per level.
                   A        B        C        D        E       F      G
               +--------+--------+--------+--------+--------+-----+--------+
         Total |   5269 |   5089 |    180 |    686 |   3864 |   5 | 1053.8 |
       Dungeon |   4984 |   4826 |    158 |    686 |   3606 |   4 | 1246.0 |
        Temple |    284 |    262 |     22 |      0 |    258 |   1 |  284.0 |
               +--------+--------+--------+--------+--------+-----+--------+

Top non-repeatable levels by time:
     D:3: 1814 daAuts
     D:2: 1561 daAuts
     D:1: 927 daAuts
     D:4: 681 daAuts
  Temple: 284 daAuts
